 Dungeon Crawl Stone Soup version 0.29.0-13-gc9e81de378 (webtiles) character file.

Game seed: 7556599641446425949

61 Strat the Cudgeller (level 4, 0/35 HPs)
             Began as a Barachi Warper on Sept 7, 2022.
             Slain by a ball python (1 damage)
             ... on level 2 of the Dungeon.
             The game lasted 00:03:20 (2039 turns).

Strat the Cudgeller (Barachi Warper)                Turns: 2039, Time: 00:03:21

Health: 0/35       AC:  3    Str: 15    XL:     4   Next: 7%
Magic:  7/7        EV:  8    Int: 13    God:
Gold:   85         SH:  0    Dex: 11    Spells: 5/7 levels left

rFire   . . .      SeeInvis .   a - +0 mace
rCold   . . .      Faith    .   (no shield)
rNeg    . . .      Spirit   .   b - +0 leather armour
rPois   .          Reflect  .   (no helmet)
rElec   .          Harm     .   (no cloak)
rCorr   .          Rampage  .   (no gloves)
Will    .....                   (no boots)
Stlth   +.........              (no amulet)
HPRegen 0.11/turn               (no ring)
MPRegen 0.10/turn               (no ring)

@: constricted, slow
A: amphibious, slowness 1, strong legs 1, +LOS
a: Hop


You were on level 2 of the Dungeon.
You visited 1 branch of the dungeon, and saw 3 of its levels.

You collected 85 gold pieces.

Inventory:

Hand Weapons
 a - a +0 mace (weapon)
Missiles
 d - 7 boomerangs of dispersal (quivered)
 g - 6 poisoned darts
Armour
 b - a +0 leather armour (worn)
Scrolls
 e - a scroll of fog
 h - 2 scrolls of magic mapping {unknown}
 j - a scroll of brand weapon {unknown}
Potions
 f - 3 potions of curing {unknown}
 i - a potion of degeneration {unknown}


   Skills:
 - Level 3.0 Fighting
 + Level 4.4 Maces & Flails
 - Level 1.0 Throwing
 - Level 1.2 Armour
 - Level 2.1 Dodging
 - Level 2.1 Spellcasting
 - Level 3.2 Translocations


You had 5 spell levels left.
You knew the following spells:

 Your Spells              Type           Power      Damage    Failure   Level
a - Blink                 Tloc           18%        N/A       12%         2

Your spell library contained the following spells:

 Spells                   Type           Power      Damage    Failure   Level
 Gell's Gravitas          Tloc           9%         N/A       24%         3
 Lesser Beckoning         Tloc           9%         N/A       24%         3
 Teleport Other           Tloc           9%         N/A       24%         3
 Sting                    Tmut/Pois      4%         1d3       30%         1
 Poisonous Vapours        Pois/Air       2%         N/A       43%         2
 Manifold Assault         Tloc           9%         N/A       91%         5
 Olgreb's Toxic Radiance  Pois           1%         N/A       97%         4


Dungeon Overview and Level Annotations

Branches:
Dungeon (3/15)

Altars:


Innate Abilities, Weirdness & Mutations

You are amphibious.
You cover ground slowly.
You can hop short distances.
You have an extended range of vision and can be seen from far away.


Message History

You hit the rat.
You kill the rat!
You see here a rat corpse.
A rat is nearby!
A ball python comes into view.
Found 7 gold pieces.
The ball python hisses angrily.
The hound barks!
You hit the ball python.
The ball python is severely wounded.
The ball python misses you. The ball python closely misses you.
The hound stops to sniff the ground.
The ball python bites you.
* * * LOW HITPOINT WARNING * * *
The ball python closely misses you. The ball python barely misses you.
The ball python grabs you. The ball python constricts you.
* * * LOW HITPOINT WARNING * * *
You escape the ball python's grasp.
The ball python closely misses you. The ball python barely misses you.
You barely miss the ball python.
The ball python is severely wounded.
The ball python barely misses you. The ball python closely misses you.
The hound misses you. The ball python bites you.
* * * LOW HITPOINT WARNING * * *
The ball python closely misses you. The ball python closely misses you.
The ball python barely misses you. The hound bites you.
* * * LOW HITPOINT WARNING * * *
You closely miss the hound. The hound misses you.
The ball python bites you but does no damage.
The ball python grabs you. The ball python constricts you.
* * * LOW HITPOINT WARNING * * *
The ball python bites you but does no damage.
The ball python constricts you. The hound bites you.
* * * LOW HITPOINT WARNING * * *
You hit the hound.
The hound is moderately wounded.
The hound barely misses you. The ball python bites you.
You die...

#......... ...#
#......... ....# .
#......... ....#.#
#......... .......
#.....$.##...........
#....................
##...................#
..............# .....#
........h@....##......
........S#####........
...!.......h†.........
......................
........$.......#.###
....#..............#
....#...........#..#
... #.................
.. #..............r..


You could see a hound and a ball python.

Vanquished Creatures
  An adder (D:3)
  6 dart slugs
  A ball python (D:1)
  3 bats
  4 endoplasms
  3 giant cockroaches (D:1)
  2 goblins (D:1)
  6 hobgoblins
  2 kobolds (D:3)
  2 quokkas
  A frilled lizard (D:1)
  8 rats
39 creatures vanquished.

Notes
Turn   | Place    | Note
-------+----------+-------------------------------------------
     0 | D:1      | Strat the Barachi Warper began the quest for the Orb.
     0 | D:1      | Reached XP level 1. HP: 17/17 MP: 3/3
   203 | D:1      | Reached XP level 2. HP: 23/23 MP: 5/5
   206 | D:1      | Learned a level 2 spell: Blink
   289 | D:1      | Found a faded altar of an unknown god.
   334 | D:1      | HP: 1/24 [frozen (2)]
   622 | D:1      | Reached skill level 3 in Maces & Flails
   770 | D:1      | Reached XP level 3. HP: 23/29 MP: 6/6
  1746 | D:2      | Reached skill level 4 in Maces & Flails
  1880 | D:2      | Noticed a black bear
  1965 | D:3      | Reached XP level 4. HP: 7/35 MP: 7/7
  2038 | D:2      | HP: 1/35 [hound (3)]
  2039 | D:2      | Slain by a ball python

Illustrated notes

Levels and vault maps discovered:
D:1:      dpeg_arrival_rooms_c, layout_rooms, basic_ecumenical_altar,
          minmay_door_square
D:2:      wad_river_or_something, layout_basic, minmay_fountain_box
D:3:      layout_rooms, mainiacjoe_overflow_six_doors_small, serial_shops,
          nicolae_shop_advertising_works [nicolae_subvault_shop_adworks]

Skill      XL: |  1  2  3 |
---------------+----------+-----
Fighting       | 3 |  3.0
Maces & Flails | 3 4 |  4.4
Throwing       | |  1.0
Armour         | |  1.2
Dodging        | |  2.1
Spellcasting   | |  2.1
Translocations | |  3.2

Action                   |  1- 3 |  4- 6 || total
-------------------------+-------+-------++-------
Melee: Mace              |   136 |    16 ||   152
 Abil: Hop               |     1 |       ||     1
  Use: Scroll            |     3 |       ||     3
Armor: Leather armour    |    68 |     2 ||    70
Dodge: Dodged            |   117 |    24 ||   141
